 Dungeon Crawl Stone Soup version 0.30.1-11-g7821555f0a (webtiles) character file.

Game seed: 14604431320936900856

1997 booth the Ruffian (level 9, -4/80 HPs)
             Began as a Red Draconian Transmuter on Oct 25, 2023.
             Was an Initiate of Hepliaklqana.
             Slain by a vault guard
             ... wielding a +0 broad axe
              (11 damage)
             ... in a bailey on Oct 27, 2023.
             The game lasted 00:44:57 (6783 turns).

booth the Ruffian (Red Draconian Transmuter)        Turns: 6783, Time: 00:44:57

Health: -4/80      AC: 15    Str: 21    XL:     9   Next: 2%
Magic:  15/15      EV: 12    Int: 11    God:    Hepliaklqana [......]
Gold:   371        SH:  0    Dex: 13    Spells: 9/17 levels left

rFire   + .          .
                       - Unarmed
rCold   + . .        (no shield)
rNeg    + + +        (body armour unavailable)
rPois   +            t - melded +2 hat
rElec   .            c - +1 cloak
rCorr   .            j - +1 pair of gloves
SInv    .            (boots currently unavailable)
Will    .....        u - amulet "Dahav" {RegenMP rPois rN+++ Int-3 Stlth+}
Stlth   ++           f - +4 ring of protection
HPRegen 0.33/turn    z - +6 ring of strength
MPRegen 0.54/turn

%: no passive effects
@: appendages (expiring), hasted, very quick
A: horns 2, talons 2, breathe fire, AC +7, unfitting armour, fire resistance 1,
cold-blooded, hooves 1, cold resistance 1, robust 1
a: Breathe Fire, End Transformation, Renounce Religion


You were in a bailey.
You worshipped Hepliaklqana.
Hepliaklqana was noncommittal.
You had temporarily grown beastly horns and talons.
You visited 2 branches of the dungeon, and saw 8 of its levels.
You also visited: Bailey.

You collected 371 gold pieces.

Inventory:

Hand Weapons
 e - a +3 flail of venom
Missiles
 b - 16 poisoned darts (quivered)
 x - a javelin
Armour
 c - a +1 cloak (worn)
 j - a +1 pair of gloves (worn)
 t - a +2 hat (melded)
Jewellery
 f - a +4 ring of protection (left hand)
 u - the amulet "Dahav" (around neck) {RegenMP rPois rN+++ Int-3 Stlth+}
   (You found it on level 4 of the Dungeon)

   [amulet of magic regeneration]

   It increases your rate of magic regeneration.
   Int:       It affects your intelligence (-3).
   rPois:     It protects you from poison.
   rN:        It renders you almost immune to negative energy.
   Stlth:     It makes you more stealthy.
 z - a +6 ring of strength (right hand)
 C - a +6 ring of intelligence
Wands
 k - a wand of mindburst (9)
 y - a wand of digging (7)
 B - a wand of flame (9)
Scrolls
 d - 2 scrolls of immolation
 i - a scroll of blinking
 m - 2 scrolls of fog
 p - a scroll of amnesia {unknown}
 q - a scroll of acquirement {unknown}
 s - 4 scrolls of teleportation
 v - 3 scrolls of magic mapping
Potions
 a - 4 potions of lignification
 g - 3 potions of resistance
 h - a potion of mutation
 l - a potion of attraction
 n - a potion of magic
 r - 2 potions of invisibility
 w - 5 potions of curing


   Skills:
 + Level 4.8 Fighting
 + Level 3.3 Throwing
 - Level 2.4 Dodging
 * Level 6.9 Unarmed Combat
 + Level 4.5 Spellcasting
 * Level 6.6 Transmutations


You had 9 spell levels left.
You knew the following spells:

 Your Spells              Type           Power      Damage    Failure   Level
a - Beastly Appendage     Tmut           34%        N/A       1%          1
b - Wereblood             Tmut           17%        N/A       2%          2
c - Spider Form           Tmut/Pois      9%         N/A       17%         3
d - Blink                 Tloc           4%         N/A       34%         2

Your spell library contained the following spells:

 Spells                   Type           Power      Damage    Failure   Level
 Ice Form                 Ice/Tmut       9%         N/A       50%         4
 Call Canine Familiar     Summ           2%         N/A       56%         3
 Portal Projectile        Hex/Tloc       4%         N/A       56%         3
 Vhi's Electric Charge    Tloc/Air       4%         N/A       56%         3
 Leda's Liquefaction      Hex/Erth       1%         N/A       92%         4
 Manifold Assault         Tloc           2%         N/A       92%         4
 Arcjolt                  Conj/Air       1%         1d11      99%         5
 Plasma Beam              Fire/Air       1%         2x1d12    100%        6
 Storm Form               Tmut/Air       4%         N/A       100%        7


Dungeon Overview and Level Annotations

Branches:
Dungeon (7/15)             Temple (1/1) D:6          Bailey (1/1)

Altars:
Ashenzari
Cheibriados
Dithmenos
Elyvilon
Fedhas
Gozag
Hepliaklqana
Kikubaaqudgha
Makhleb
Nemelex Xobeh
Okawaru
Qazlal
Ru
Sif Muna
Trog
Uskayaw
Vehumet
Wu Jian
Xom
Yredelemnul
Zin
The Shining One

Portals:
Abyss: D:5

Annotations:
D:4 3 runed translucent doors, eurytides's ghost, amateur MiFi
D:5 2 transporters, leafyfresh's ghost, weakling MiDe Bailey Prince Ribbit


Innate Abilities, Weirdness & Mutations

You have temporarily grown beastly horns and talons.
You can breathe blasts of fire.
Your fiery red scales are hard. (AC +7)
You cannot fit into any form of body armour.
Your flesh is heat resistant. (rF+)
You are cold-blooded and may be slowed by cold attacks.
You have large cloven feet.
Your flesh is cold resistant. (rC+)
You are robust. (+10% HP)


Message History

You punch the vault guard!
The vault guard is lightly wounded.
The vault guard hits you with a +0 broad axe!
* * * LOW HITPOINT WARNING * * *
You hit the vault guard but do no damage.
Your kick misses the vault guard. Your headbutt misses the vault guard.
Your tail-slap misses the vault guard.
You punch the vault guard, but do no damage.
The vault guard is lightly wounded.
Your transformation is almost over.
You hit the vault guard but do no damage.
You claw the vault guard, but do no damage.
The vault guard is lightly wounded.
The vault guard hits you with a +0 broad axe!
* * * LOW HITPOINT WARNING * * *
You closely miss the vault guard.
You tail-slap the vault guard, but do no damage.
The vault guard is lightly wounded.
You barely miss the vault guard.
The vault guard is lightly wounded.
The vault guard hits you but does no damage.
You hit the vault guard. You claw the vault guard.
You headbutt the vault guard, but do no damage.
You tail-slap the vault guard, but do no damage.
The vault guard is moderately wounded.
The vault guard hits you but does no damage.
You hit the vault guard.
You tail-slap the vault guard, but do no damage.
The vault guard is moderately wounded.
You hit the vault guard but do no damage.
Your kick misses the vault guard. You headbutt the vault guard.
The vault guard is moderately wounded.
The vault guard closely misses you.
You barely miss the vault guard. You headbutt the vault guard.
The vault guard is moderately wounded.
You hit the vault guard. Your kick misses the vault guard.
You tail-slap the vault guard.
The vault guard is heavily wounded.
The vault guard hits you with a +0 broad axe!
You die...

#..F..# #.....
#..∩.. ###....
### ##≈##...##~##
##≈~~##'##~~~##
#≈~~.~.....~~~#
##≈~~~....~....##
#≈~~~...~..~≈≈≈@#
#≈~~~....~~≈###p#
#≈~~~.~.~~≈## ..#
#≈~~~~~..~≈# ..(#
#≈~~~...~≈##..~##
##≈~~~~.~≈#!..~
#≈~≈≈~.~≈#!(~#
##≈##≈.~≈####
####≈..~≈#


You could see a vault guard.

Vanquished Creatures
  A wyvern (D:6)
  2 black bears
  2 ogres
  A phantom (D:5)
  A gnoll sergeant (D:5)
  4 bullfrogs
  3 wights (D:6)
  4 killer bees
  2 howler monkeys (D:7)
  A jelly (D:6)
  2 orc priests (D:3)
  4 hounds
  Jessica (D:3)
  4 iguanas
  A sleepcap (D:5)
  Ijyb (D:3)
  Natasha (twice) (D:3)
  An orc wizard (D:3)
  4 gnolls
  8 adders
  A shadow imp (D:5)
  A white imp (D:5)
  An ufetubus (D:4)
  A worm (D:5)
  2 dart slugs (D:1)
  2 orcs
  7 bats
  12 endoplasms
  3 giant cockroaches
  13 goblins
  9 hobgoblins
  7 jackals
  6 kobolds
  2 quokkas
  7 ball pythons
  A frilled lizard (D:3)
  6 rats
130 creatures vanquished.

Notes
Turn   | Place    | Note
-------+----------+-------------------------------------------
     0 | D:1      | booth the Draconian Transmuter began the quest for the Orb.
     0 | D:1      | Reached XP level 1. HP: 16/16 MP: 3/3
   126 | D:1      | Upgraded the game from 0.30.1-9-gdf580d7c3d to
                  | 0.30.1-10-g1249ef9ec4
   130 | D:1      | Reached XP level 2. HP: 2/23 MP: 3/5
   686 | D:1      | Learned a level 2 spell: Wereblood
   936 | D:2      | Reached XP level 3. HP: 27/28 MP: 6/6
  1431 | D:2      | Reached XP level 4. HP: 36/36 MP: 5/7
  1795 | D:2      | Gained mutation: Your flesh is cold resistant. (rC+)
                  | [potion of mutation]
  1795 | D:2      | Gained mutation: You are robust. (+10% HP) [potion of
                  | mutation]
  1795 | D:2      | Gained mutation: You have large cloven feet. [potion of
                  | mutation]
  1802 | D:2      | Upgraded the game from 0.30.1-10-g1249ef9ec4 to
                  | 0.30.1-11-g7821555f0a
  2047 | D:3      | Reached XP level 5. HP: 44/45 MP: 6/8
  2064 | D:3      | Learned a level 3 spell: Spider Form
  2214 | D:3      | Noticed Jessica
  2226 | D:3      | Killed Jessica
  2404 | D:3      | Noticed Ijyb
  2439 | D:3      | Killed Ijyb
  2815 | D:3      | Noticed Natasha
  2827 | D:3      | Killed Natasha
  2828 | D:3      | Reached XP level 6. HP: 52/55 MP: 8/10
  2992 | D:3      | Noticed Natasha
  2997 | D:3      | Killed Natasha
  3419 | D:4      | Reached skill level 1 in Throwing
  3442 | D:4      | Identified the amulet "Dahav" {RegenMP rPois rN+++ Int-3
                  | Stlth+}
  3536 | D:4      | Found a radiant altar of Vehumet.
  3556 | D:4      | Found a runed translucent gate.
  3559 | D:4      | Found a runed translucent gate.
  3565 | D:4      | Found a runed translucent gate.
  3566 | D:4      | Noticed eurytides's ghost (amateur MiFi)
  3623 | D:4      | Reached skill level 5 in Unarmed Combat
  3623 | D:4      | Your scales start taking on a fiery red colour.
  3623 | D:4      | Reached XP level 7. HP: 44/62 MP: 11/11
  3623 | D:4      | Gained mutation: Your flesh is heat resistant. (rF+) [Red
                  | Draconian growth]
  3912 | D:5      | Entered Level 5 of the Dungeon
  4159 | D:5      | Reached skill level 5 in Transmutations
  4714 | D:5      | Found a transporter.
  4714 | D:5      | Found a transporter.
  4768 | D:5      | Found a one-way gate to the infinite horrors of the Abyss.
  4768 | D:5      | Noticed leafyfresh's ghost (weakling MiDe)
  4957 | D:6      | Reached XP level 8. HP: 71/72 MP: 13/13
  5422 | D:6      | Found a bloodstained altar of Trog.
  5422 | D:6      | Found a sparkling altar of Nemelex Xobeh.
  5538 | D:6      | Found a staircase to the Ecumenical Temple.
  5544 | Temple   | Entered the Ecumenical Temple
  5656 | Temple   | Became a worshipper of Hepliaklqana the Forgotten
  6509 | D:7      | Found a flagged portal.
  6518 | Bailey   | Entered a bailey
  6673 | Bailey   | Reached XP level 9. HP: 66/80 MP: 15/15
  6682 | Bailey   | Learned a level 2 spell: Blink
  6746 | Bailey   | Noticed Prince Ribbit
  6757 | Bailey   | Noticed a vault guard
  6783 | Bailey   | Slain by a vault guard

Illustrated notes

Levels and vault maps discovered:
D:1:      lightli_arrival_lavapool, layout_basic, minmay_heptomino_w4
D:2:      layout_basic, chequers_big_river, minmay_diced_spiral
D:3:      kennysheep_goblin_castle, layout_loops_ring, uniq_jessica,
          uniq_natasha
D:4:      layout_rooms, general_overflow_altar, gammafunk_ghost_nasty_kobolds
D:5:      layout_loops_ring, gammafunk_ghost_abyssal_escape
D:6:      layout_basic, gammafunk_temple_overflow_elements,
          minmay_temple_entry_glassed_door, corner_web_ring
D:7:      layout_cave_pools, serial_shops, shop, enter_bailey_8
Temple:   compressed_dpeg_triangle_lava_temple
Bailey:   bailey_axe_froggy_fort_hellmonk, bailey

Skill      XL: |  1  2  3  4  5  6  7  8 |
---------------+-------------------------+-----
Dodging        | 2 |  2.4
Transmutations | 3 4 5 6 |  6.6
Fighting       | 2 3 4 |  4.8
Unarmed Combat | 4 5 6 |  6.9
Spellcasting   | 3 4 |  4.5
Throwing       | 1 2 3 |  3.3

Action                     |  1- 3 |  4- 6 |  7- 9 || total
---------------------------+-------+-------+-------++-------
  Melee: Unarmed           |    94 |   162 |   207 ||   463
         Kick              |    17 |    38 |    65 ||   120
         Headbutt          |    10 |    33 |    35 ||    78
         Tailslap          |     5 |    17 |    28 ||    50
         Punch             |     2 |     5 |     6 ||    13
  Throw: Dart              |       |    27 |    24 ||    51
         Javelin           |       |       |     4 ||     4
   Cast: Beastly Appendage |    16 |    31 |    27 ||    74
         Wereblood         |       |     4 |     3 ||     7
    Use: Scroll            |     1 |     6 |     6 ||    13
         Potion            |     1 |     4 |     6 ||    11
   Stab: Sleeping          |     1 |       |     1 ||     2
         Distracted        |       |       |     1 ||     1
 Armour: Skin              |    36 |    64 |    78 ||   178
  Dodge: Dodged            |    55 |    83 |   126 ||   264
